Nashville Predators vs Washington Capitals
Created - Thursday, October 24, 2024 at 08:06
Goals
|
| Nashville Predators |
0 |
1 |
1 |
2 |
| Washington Capitals |
1 |
0 |
0 |
1 |
|
Shots
|
| Nashville Predators |
10 |
17 |
4 |
31 |
| Washington Capitals |
12 |
10 |
9 |
31 |
|
1st period
1. Washington Capitals , Alex Ovechkin 20 (Thomas Harley 12, Nico Hischier 26) at 9:43
Penalties :
Nick Foligno (WSH) for High sticking (Minor) at 3:36, Colton Sissons (NSH) for Hooking (Minor) at 16:39
2nd period
2. Nashville Predators , Michael Carcone 10 (Thomas Novak 14, Mattias Samuelsson 5) at 10:42
Penalties :
No Penalty
3rd period
3. Nashville Predators , Zach Benson 8 (Jack Drury 10, Jordan Harris 14) at 11:08
Penalties :
Thomas Harley (WSH) for Hooking (Minor) at 3:40, Mattias Samuelsson (NSH) for Hooking (Minor) at 8:54, Mattias Samuelsson (NSH) for Roughing (Minor) at 11:32, Zach Benson (NSH) for Tripping (Minor) at 16:45
Goalie Stats
Semyon Varlamov (NSH), 30 saves from 31 shots - (0.968), W, 15-10-5, 60:00 minutes
Sergei Bobrovsky (WSH), 29 saves from 31 shots - (0.935), L, 14-9-1, 58:59 minutes
Players Stats for Nashville Predators
Player Name G A P +/- PIM S H SB GA TA FO MP PP MP PK MP
------------------------------------------------------------------------------------
Artem Zub 0 0 0 1 0 0 2 0 0 2 0/0 22:31 1:45 4:37
Brett Leason 0 0 0 0 0 0 1 0 0 0 0/0 17:50 2:09 3:48
Colton Sissons 0 0 0 0 2 4 2 0 3 0 7/10 17:25 1:49 2:34
Dante Fabbro 0 0 0 -1 0 0 2 2 0 1 0/0 20:20 1:45 4:02
Henri Jokiharju 0 0 0 0 0 0 0 1 0 0 0/0 17:14 0:00 0:22
Jack Drury 0 1 1 1 0 2 2 1 0 0 8/15 13:14 0:00 1:19
Jesper Boqvist 0 0 0 1 0 0 0 1 0 0 0/0 12:20 0:00 0:04
Jordan Harris 0 1 1 0 0 0 0 1 0 0 0/0 20:27 2:13 3:09
Josh Doan 0 0 0 0 0 0 1 0 0 0 0/0 11:14 0:00 0:00
Leo Carlsson 0 0 0 0 0 5 0 2 1 0 2/5 15:14 2:09 0:00
Mattias Samuelsson 0 1 1 1 4 1 1 1 0 0 0/0 19:50 2:13 0:00
Max Pacioretty 0 0 0 0 0 0 1 0 0 0 0/0 14:26 1:49 0:00
Michael Carcone 1 0 1 0 0 4 0 1 1 0 0/0 10:01 0:00 0:00
Pius Suter 0 0 0 0 0 3 2 0 0 2 1/1 18:09 1:49 3:41
Ryan Johansen 0 0 0 0 0 2 3 0 0 0 13/20 17:42 2:09 3:39
Simon Benoit 0 0 0 1 0 2 0 1 0 0 0/0 19:41 0:00 3:42
Thomas Novak 0 1 1 0 0 3 0 0 1 0 5/7 10:01 0:00 0:00
Zach Benson 1 0 1 1 2 5 0 3 0 0 0/1 14:21 0:00 0:47
Players Stats for Washington Capitals
Player Name G A P +/- PIM S H SB GA TA FO MP PP MP PK MP
------------------------------------------------------------------------------------
Alex Ovechkin 1 0 1 1 0 2 0 0 0 0 0/1 21:14 3:38 0:00
Brad Marchand 0 0 0 0 0 6 1 2 0 1 0/2 17:17 0:37 2:15
David Savard 0 0 0 0 0 0 0 4 0 1 0/0 21:43 3:11 1:58
Derek Forbort 0 0 0 0 0 0 0 0 0 1 0/0 15:14 0:00 2:00
Derek Ryan 0 0 0 -1 0 0 0 0 0 0 1/2 8:41 0:00 1:11
Drake Batherson 0 0 0 -1 0 1 1 0 0 0 2/4 9:39 0:52 0:20
Fabian Zetterlund 0 0 0 -1 0 1 1 0 0 1 0/0 9:22 0:30 1:22
Ian Cole 0 0 0 -1 0 1 0 1 0 1 0/0 17:18 0:44 2:00
Jamie Oleksiak 0 0 0 -1 0 1 0 2 0 0 0/0 22:35 3:27 1:58
Jason Robertson 0 0 0 1 0 1 2 1 2 0 0/0 21:14 3:38 0:00
John Carlson 0 0 0 0 0 6 1 2 1 0 0/0 21:37 4:29 0:00
Jordan Kyrou 0 0 0 0 0 3 0 0 1 0 0/0 16:21 3:26 0:00
Michael McLeod 0 0 0 -1 0 0 2 1 0 0 3/9 11:07 0:22 2:17
Nick Foligno 0 0 0 0 2 1 3 0 0 0 8/15 17:32 3:27 0:31
Nico Hischier 0 1 1 1 0 5 1 1 0 0 9/26 21:17 3:38 0:00
Owen Tippett 0 0 0 -1 0 3 2 0 1 0 0/0 12:15 3:40 0:00
Thomas Harley 0 1 1 0 2 0 0 1 0 0 0/0 21:47 4:01 0:00
Vladimir Tarasenko 0 0 0 -1 0 0 2 0 0 1 0/0 9:47 0:00 0:00
3 Stars
1 - Semyon Varlamov (NSH)
2 - Jack Drury (NSH)
3 - Alex Ovechkin (WSH)
Power Play
Nashville Predators - 0 on 2 Attempt(s) - 0.00%
Washington Capitals - 0 on 4 Attempt(s) - 0.00%
Penalty Kill
Nashville Predators - 4 on 4 Attempt(s) - 100.00%
- Score 0 goal in Penalty Kill
Washington Capitals - 2 on 2 Attempt(s) - 100.00%
- Score 0 goal in Penalty Kill
Team Stat
Nashville Predators - Hits : 17 - Faceoff Wins : 36 - Blocked Shots : 14 - Penalty Minutes : 8
Washington Capitals - Hits : 16 - Faceoff Wins : 23 - Blocked Shots : 15 - Penalty Minutes : 4
Official
Referees : Eric Furlatt and Morgan Macphee
Linesman : Unknown
Game Notes
No Game Note
Finance
Level 1 -- Attendance: 5901 (98.35%) -- Ticket Income $560,595
Level 2 -- Attendance: 4867 (97.34%) -- Ticket Income $267,685
Level 3 -- Attendance: 2831 (94.37%) -- Ticket Income $93,423
Level 4 -- Attendance: 4461 (89.22%) -- Ticket Income $98,142
Luxury Box -- Attendance: 838 (83.80%) -- Ticket Income $163,410
Game was played at the Verizon Center.
Total Attendance: 18898 (94.49%)
Total Ticket Income: $1,183,255
Other Income: $414,139
Total Income: $1,597,394
Nashville Predators
5 vs 5 Forward
Center Left Wing Right Wing Time % Phy DF OF
1 Colton Sissons Max Pacioretty Pius Suter 27 1 2 2
2 Ryan Johansen Leo Carlsson Brett Leason 27 0 2 3
3 Jack Drury Zach Benson Jesper Boqvist 25 0 2 3
4 Thomas Novak Josh Doan Michael Carcone 21 1 2 2
5 vs 5 Defense
Defense Defense Time % Phy DF OF
1 Artem Zub Mattias Samuelsson 35 1 3 1
2 Simon Benoit Henri Jokiharju 35 1 3 1
3 Jordan Harris Dante Fabbro 30 1 3 1
4 Dante Fabbro Artem Zub 0 1 3 1
PowerPlay Forward
Center Left Wing Right Wing Time % Phy DF OF
1 Colton Sissons Max Pacioretty Pius Suter 50 1 1 3
2 Ryan Johansen Brett Leason Leo Carlsson 50 1 1 3
PowerPlay Defense
Defense Defense Time % Phy DF OF
1 Dante Fabbro Artem Zub 50 1 1 3
2 Jordan Harris Mattias Samuelsson 50 2 2 1
Penalty Kill 4 Players Forward
Center Wing Time % Phy DF OF
1 Colton Sissons Brett Leason 50 1 2 2
2 Ryan Johansen Pius Suter 50 1 2 2
Penalty Kill 4 Players Defense
Defense Defense Time % Phy DF OF
1 Dante Fabbro Artem Zub 50 2 2 1
2 Simon Benoit Jordan Harris 50 1 2 2
Penalty Kill - 3 Players Forward
Forward Time % Phy DF OF
1 Colton Sissons 50 1 2 2
2 Ryan Johansen 50 1 2 2
Penalty Kill - 3 Players Defense
Defense Defense Time % Phy DF OF
1 Dante Fabbro Artem Zub 50 1 2 2
2 Jordan Harris Mattias Samuelsson 50 1 2 2
4 vs 4 Forward
Center Wing Time % Phy DF OF
1 Colton Sissons Pius Suter 50 1 2 2
2 Ryan Johansen Max Pacioretty 50 1 2 2
4 vs 4 Defense
Defense Defense Time % Phy DF OF
1 Artem Zub Jordan Harris 50 2 2 1
2 Dante Fabbro Simon Benoit 50 1 2 2
Last Minutes Offensive
Center Left Wing Right Wing Defense Defense
Colton Sissons Pius Suter Brett Leason Dante Fabbro Jordan Harris
Last Minutes Defensive
Center Left Wing Right Wing Defense Defense
Colton Sissons Pius Suter Brett Leason Mattias Samuelsson Artem Zub
Goaltenders
Starting : Semyon Varlamov
Backup : Anthony Stolarz
Extra Forwards
Normal : Leo Carlsson, Zach Benson, Colton Sissons - PP : Colton Sissons, Pius Suter - PK : Jack Drury
Extra Defensemen
Normal : Artem Zub, Dante Fabbro, Mattias Samuelsson - PP : Artem Zub - PK : Artem Zub, Dante Fabbro
Penalty Shots
Thomas Novak, Leo Carlsson, Pius Suter, Colton Sissons, Max Pacioretty
Scratches
Liam Foudy (Healthy), Jakub Voracek (Healthy), Parker Wotherspoon (Healthy), Mads Sogaard (Healthy), Samuel Ersson (Healthy)
Washington Capitals
5 vs 5 Forward
Center Left Wing Right Wing Time % Phy DF OF
1 Nico Hischier Alex Ovechkin Jason Robertson 40 1 1 3
2 Nick Foligno Brad Marchand Jordan Kyrou 30 1 1 3
3 Michael McLeod Vladimir Tarasenko Owen Tippett 20 1 1 3
4 Derek Ryan Drake Batherson Fabian Zetterlund 10 1 1 3
5 vs 5 Defense
Defense Defense Time % Phy DF OF
1 John Carlson Jamie Oleksiak 37 2 3 0
2 David Savard Thomas Harley 35 2 3 0
3 Ian Cole Derek Forbort 28 2 3 0
4 John Carlson David Savard 0 2 3 0
PowerPlay Forward
Center Left Wing Right Wing Time % Phy DF OF
1 Nico Hischier Alex Ovechkin Jason Robertson 60 1 2 2
2 Nick Foligno Owen Tippett Jordan Kyrou 40 1 2 2
PowerPlay Defense
Defense Defense Time % Phy DF OF
1 John Carlson Thomas Harley 60 1 2 2
2 Jamie Oleksiak David Savard 40 1 2 2
Penalty Kill 4 Players Forward
Center Wing Time % Phy DF OF
1 Michael McLeod Brad Marchand 60 1 2 2
2 Derek Ryan Fabian Zetterlund 40 1 2 2
Penalty Kill 4 Players Defense
Defense Defense Time % Phy DF OF
1 David Savard Jamie Oleksiak 60 1 2 2
2 Derek Forbort Ian Cole 40 1 2 2
Penalty Kill - 3 Players Forward
Forward Time % Phy DF OF
1 Michael McLeod 60 1 2 2
2 Derek Ryan 40 1 2 2
Penalty Kill - 3 Players Defense
Defense Defense Time % Phy DF OF
1 David Savard Jamie Oleksiak 60 1 2 2
2 Derek Forbort Ian Cole 40 1 2 2
4 vs 4 Forward
Center Wing Time % Phy DF OF
1 Nico Hischier Alex Ovechkin 60 1 2 2
2 Nick Foligno Jason Robertson 40 1 2 2
4 vs 4 Defense
Defense Defense Time % Phy DF OF
1 John Carlson Thomas Harley 60 1 2 2
2 Jamie Oleksiak David Savard 40 1 2 2
Last Minutes Offensive
Center Left Wing Right Wing Defense Defense
Nico Hischier Alex Ovechkin Jason Robertson John Carlson Thomas Harley
Last Minutes Defensive
Center Left Wing Right Wing Defense Defense
Michael McLeod Brad Marchand Nick Foligno Derek Forbort Jamie Oleksiak
Goaltenders
Starting : Sergei Bobrovsky
Backup : Jake Oettinger
Extra Forwards
Normal : Owen Tippett, Drake Batherson, Jordan Kyrou - PP : Owen Tippett, Fabian Zetterlund - PK : Fabian Zetterlund
Extra Defensemen
Normal : Thomas Harley, Jamie Oleksiak, Ian Cole - PP : David Savard - PK : Jamie Oleksiak, Thomas Harley
Penalty Shots
Jason Robertson, Drake Batherson, Derek Ryan, Vladimir Tarasenko, David Savard
Scratches
Yegor Chinakhov (Healthy), Stefan Noesen (Healthy), Nick Jensen (Healthy)
% Time on Ice - Nashville Predators
Lines # - Real PCT - Wanted PCT - Time Play
Normal Forward
1 - 28% - 27% - 13:03
2 - 25% - 27% - 11:54
3 - 25% - 25% - 11:55
4 - 21% - 21% - 10:01
Normal Defense
1 - 34% - 35% - 15:44
2 - 36% - 35% - 17:02
3 - 29% - 30% - 13:40
4 - 1% - 0% - 0:27
PP Forward
1 - 46% - 50% - 1:49
2 - 54% - 50% - 2:09
PP Defense
1 - 44% - 50% - 1:45
2 - 56% - 50% - 2:13
PK Forward
1 - 53% - 50% - 4:14
2 - 47% - 50% - 3:42
PK Defense
1 - 53% - 50% - 4:14
2 - 47% - 50% - 3:42
PK3 Forward
1 - 0% - 50%
2 - 0% - 50%
PK3 Defense
1 - 0% - 50%
2 - 0% - 50%
44 Forward
1 - 0% - 50%
2 - 0% - 50%
44 Defense
1 - 0% - 50%
2 - 0% - 50%
Last Minute Offensive - 0:00
Last Minute Defensive - 1:13
Total
Forward - 60:00
Defense - 60:00
|
% Time on Ice - Washington Capitals
Lines # - Real PCT - Wanted PCT - Time Play
Normal Forward
1 - 38% - 40% - 17:51
2 - 29% - 30% - 13:30
3 - 18% - 20% - 8:28
4 - 15% - 10% - 7:05
Normal Defense
1 - 36% - 37% - 17:07
2 - 35% - 35% - 16:23
3 - 28% - 28% - 13:14
4 - 0% - 0% - 0:10
PP Forward
1 - 54% - 60% - 4:16
2 - 46% - 40% - 3:40
PP Defense
1 - 57% - 60% - 4:29
2 - 43% - 40% - 3:27
PK Forward
1 - 70% - 60% - 2:47
2 - 30% - 40% - 1:11
PK Defense
1 - 50% - 60% - 1:58
2 - 50% - 40% - 2:00
PK3 Forward
1 - 0% - 60%
2 - 0% - 40%
PK3 Defense
1 - 0% - 60%
2 - 0% - 40%
44 Forward
1 - 0% - 60%
2 - 0% - 40%
44 Defense
1 - 0% - 60%
2 - 0% - 40%
Last Minute Offensive - 1:12
Last Minute Defensive - 0:00
Total
Forward - 60:00
Defense - 60:00
|
Play-by-Play
1st period
0:01 of 1st period - Nico Hischier wins face-off versus Colton Sissons in neutral zone.
0:12 of 1st period - Snap shot by Jason Robertson.
0:12 of 1st period - Stopped by Semyon Varlamov without a rebound.
0:13 of 1st period - Nick Foligno wins face-off versus Leo Carlsson in Nashville Predators zone.
0:14 of 1st period - Wrist shot by Brad Marchand.
0:14 of 1st period - Shot Misses the Net.
0:20 of 1st period - Snap shot by Brad Marchand.
0:20 of 1st period - Shot Blocked by Leo Carlsson.
1:52 of 1st period - Slapshot by Leo Carlsson.
1:52 of 1st period - Shot Misses the Net.
2:09 of 1st period - Off-side.
2:10 of 1st period - Thomas Novak wins face-off versus Michael McLeod in neutral zone.
2:35 of 1st period - Thomas Harley is hit by Ryan Johansen and loses puck.
2:57 of 1st period - Snap shot by Owen Tippett.
2:57 of 1st period - Deflect By Simon Benoit.
2:57 of 1st period - Stopped by Semyon Varlamov without a rebound.
2:58 of 1st period - Jack Drury wins face-off versus Nico Hischier in Nashville Predators zone.
2:58 of 1st period - Jack Drury is hit by Jason Robertson.
3:24 of 1st period - Artem Zub is hit by Nick Foligno and loses puck.
3:36 of 1st period - Minor Penalty to Nick Foligno for High sticking.
3:37 of 1st period - Michael McLeod wins face-off versus Colton Sissons in Washington Capitals zone.
3:51 of 1st period - Wrist shot by Colton Sissons.
3:51 of 1st period - Shot Blocked by Michael McLeod.
3:53 of 1st period - Wrist shot by Colton Sissons.
3:53 of 1st period - Stopped by Sergei Bobrovsky without a rebound.
3:54 of 1st period - Michael McLeod wins face-off versus Ryan Johansen in Washington Capitals zone.
4:29 of 1st period - Slapshot by Pius Suter.
4:29 of 1st period - Stopped by Sergei Bobrovsky without a rebound.
4:30 of 1st period - Derek Ryan wins face-off versus Colton Sissons in Washington Capitals zone.
4:55 of 1st period - Ian Cole is hit by Artem Zub and loses puck.
5:22 of 1st period - Jamie Oleksiak is hit by Brett Leason and loses puck.
5:36 of 1st period - Penalty to Nick Foligno is over, Nick Foligno is back on ice.
5:54 of 1st period - Wrist shot by Zach Benson.
5:54 of 1st period - Stopped by Sergei Bobrovsky with a rebound.
5:56 of 1st period - Snap shot by Mattias Samuelsson.
5:56 of 1st period - Shot Blocked by David Savard.
6:12 of 1st period - Snap shot by Nico Hischier.
6:12 of 1st period - Shot Misses the Net.
6:50 of 1st period - Wrist shot by Jordan Kyrou.
6:50 of 1st period - Shot Blocked by Zach Benson.
6:52 of 1st period - Wrist shot by Brad Marchand.
6:52 of 1st period - Stopped by Semyon Varlamov with a rebound.
7:04 of 1st period - Slapshot by Zach Benson.
7:04 of 1st period - Stopped by Sergei Bobrovsky without a rebound.
7:05 of 1st period - Nico Hischier wins face-off versus Ryan Johansen in Washington Capitals zone.
7:37 of 1st period - Thomas Harley is hit by Max Pacioretty.
8:06 of 1st period - Thomas Harley is hit by Artem Zub and loses puck.
8:14 of 1st period - Off-side.
8:15 of 1st period - Nico Hischier wins face-off versus Ryan Johansen in neutral zone.
8:47 of 1st period - Snap shot by Nico Hischier.
8:47 of 1st period - Shot Misses the Net.
9:07 of 1st period - Snap shot by Nico Hischier.
9:07 of 1st period - Stopped by Semyon Varlamov with a rebound.
9:13 of 1st period - Wrist shot by Jason Robertson.
9:13 of 1st period - Shot Blocked by Dante Fabbro.
9:31 of 1st period - Wrist shot by Nico Hischier.
9:31 of 1st period - Stopped by Semyon Varlamov with a rebound.
9:33 of 1st period - Snap shot by Nico Hischier.
9:33 of 1st period - Stopped by Semyon Varlamov with a rebound.
9:41 of 1st period - Wrist shot by Alex Ovechkin.
9:41 of 1st period - Shot Blocked by Jordan Harris.
9:43 of 1st period - Snap shot by Thomas Harley.
9:43 of 1st period - Deflect By Alex Ovechkin.
9:43 of 1st period - Goal by Alex Ovechkin - Nashville Predators : 0 - Washington Capitals : 1.
9:44 of 1st period - Pius Suter wins face-off versus Nick Foligno in neutral zone.
9:47 of 1st period - Wrist shot by Colton Sissons.
9:47 of 1st period - Stopped by Sergei Bobrovsky without a rebound.
9:48 of 1st period - Colton Sissons wins face-off versus Nick Foligno in Washington Capitals zone.
9:53 of 1st period - Snap shot by Colton Sissons.
9:53 of 1st period - Shot Blocked by David Savard.
10:18 of 1st period - Wrist shot by Colton Sissons.
10:18 of 1st period - Shot Blocked by Brad Marchand.
10:20 of 1st period - Slapshot by Pius Suter.
10:20 of 1st period - Stopped by Sergei Bobrovsky without a rebound.
10:21 of 1st period - Ryan Johansen wins face-off versus Michael McLeod in Washington Capitals zone.
10:24 of 1st period - Wrist shot by Leo Carlsson.
10:24 of 1st period - Stopped by Sergei Bobrovsky without a rebound.
10:25 of 1st period - Ryan Johansen wins face-off versus Michael McLeod in Washington Capitals zone.
10:40 of 1st period - Snap shot by Leo Carlsson.
10:40 of 1st period - Stopped by Sergei Bobrovsky with a rebound.
11:32 of 1st period - Snap shot by Thomas Novak.
11:32 of 1st period - Shot Blocked by Jamie Oleksiak.
11:42 of 1st period - Derek Ryan is hit by Dante Fabbro and loses puck.
11:49 of 1st period - Derek Ryan is hit by Josh Doan and loses puck.
11:55 of 1st period - Off-side.
11:56 of 1st period - Ryan Johansen wins face-off versus Nico Hischier in neutral zone.
12:03 of 1st period - Wrist shot by Ryan Johansen.
12:03 of 1st period - Stopped by Sergei Bobrovsky with a rebound.
12:11 of 1st period - Brett Leason is hit by Jason Robertson and loses puck.
12:26 of 1st period - Snap shot by Jordan Kyrou.
12:26 of 1st period - Deflect By Nick Foligno.
12:26 of 1st period - Shot Misses the Net.
12:26 of 1st period - Puck is out of play.
12:27 of 1st period - Nick Foligno wins face-off versus Jack Drury in Nashville Predators zone.
12:28 of 1st period - Snap shot by Jordan Kyrou.
12:28 of 1st period - Stopped by Semyon Varlamov with a rebound.
12:30 of 1st period - Snap shot by Brad Marchand.
12:30 of 1st period - Shot Misses the Net.
12:32 of 1st period - Snap shot by Brad Marchand.
12:32 of 1st period - Deflect By Nick Foligno.
12:32 of 1st period - Shot Blocked by Jesper Boqvist.
12:32 of 1st period - Puck is out of play.
12:33 of 1st period - Jack Drury wins face-off versus Nico Hischier in Nashville Predators zone.
12:39 of 1st period - Off-side.
12:40 of 1st period - Nico Hischier wins face-off versus Jack Drury in neutral zone.
12:53 of 1st period - Snap shot by Nico Hischier.
12:53 of 1st period - Stopped by Semyon Varlamov without a rebound.
12:54 of 1st period - Nick Foligno wins face-off versus Ryan Johansen in Nashville Predators zone.
12:55 of 1st period - Slapshot by Jordan Kyrou.
12:55 of 1st period - Stopped by Semyon Varlamov without a rebound.
12:56 of 1st period - Ryan Johansen wins face-off versus Nick Foligno in Nashville Predators zone.
13:48 of 1st period - Wrist shot by Thomas Novak.
13:48 of 1st period - Stopped by Sergei Bobrovsky with a rebound.
14:02 of 1st period - Snap shot by Drake Batherson.
14:02 of 1st period - Shot Hit the Post.
14:57 of 1st period - John Carlson is hit by Dante Fabbro and loses puck.
15:14 of 1st period - Slapshot by Ryan Johansen.
15:14 of 1st period - Shot Misses the Net.
15:40 of 1st period - Snap shot by Nico Hischier.
15:40 of 1st period - Shot Misses the Net.
15:42 of 1st period - Slapshot by John Carlson.
15:42 of 1st period - Stopped by Semyon Varlamov without a rebound.
15:43 of 1st period - Colton Sissons wins face-off versus Michael McLeod in Nashville Predators zone.
15:53 of 1st period - Off-side.
15:54 of 1st period - Nick Foligno wins face-off versus Jack Drury in neutral zone.
16:39 of 1st period - Minor Penalty to Colton Sissons for Hooking.
16:40 of 1st period - Nico Hischier wins face-off versus Jack Drury in Nashville Predators zone.
16:47 of 1st period - Snap shot by Alex Ovechkin.
16:47 of 1st period - Shot Blocked by Jack Drury.
17:05 of 1st period - Ryan Johansen is hit by Nick Foligno and loses puck.
17:52 of 1st period - Artem Zub is hit by Nick Foligno and loses puck.
18:39 of 1st period - Penalty to Colton Sissons is over, Colton Sissons is back on ice.
18:47 of 1st period - Slapshot by Ian Cole.
18:47 of 1st period - Stopped by Semyon Varlamov with a rebound.
19:31 of 1st period - Thomas Novak is hit by Michael McLeod and loses puck.
19:46 of 1st period - Jamie Oleksiak is hit by Pius Suter and loses puck.
Goals for this period are 0 for Nashville Predators vs 1 for Washington Capitals.
Shots for this period are 10 for Nashville Predators vs 12 for Washington Capitals.
2nd period
0:01 of 2nd period - Jack Drury wins face-off versus Nico Hischier in neutral zone.
0:06 of 2nd period - Wrist shot by Jack Drury.
0:06 of 2nd period - Stopped by Sergei Bobrovsky without a rebound.
0:07 of 2nd period - Nico Hischier wins face-off versus Jack Drury in Washington Capitals zone.
0:07 of 2nd period - Nico Hischier is hit by Jack Drury.
0:24 of 2nd period - Backhand shot by Nico Hischier.
0:24 of 2nd period - Stopped by Semyon Varlamov with a rebound.
1:04 of 2nd period - Wrist shot by Jack Drury.
1:04 of 2nd period - Shot Blocked by Jason Robertson.
1:06 of 2nd period - Slapshot by Mattias Samuelsson.
1:06 of 2nd period - Stopped by Sergei Bobrovsky without a rebound.
1:07 of 2nd period - Nick Foligno wins face-off versus Ryan Johansen in Washington Capitals zone.
1:28 of 2nd period - Leo Carlsson is hit by Brad Marchand and loses puck.
1:35 of 2nd period - Slapshot by Dante Fabbro.
1:35 of 2nd period - Shot Blocked by David Savard.
2:00 of 2nd period - Wrist shot by Leo Carlsson.
2:00 of 2nd period - Shot Blocked by David Savard.
2:02 of 2nd period - Backhand shot by Ryan Johansen.
2:02 of 2nd period - Shot Blocked by Thomas Harley.
2:52 of 2nd period - Wrist shot by Leo Carlsson.
2:52 of 2nd period - Stopped by Sergei Bobrovsky without a rebound.
2:53 of 2nd period - Colton Sissons wins face-off versus Nico Hischier in Washington Capitals zone.
2:56 of 2nd period - Slapshot by Max Pacioretty.
2:56 of 2nd period - Shot Blocked by John Carlson.
2:58 of 2nd period - Wrist shot by Pius Suter.
2:58 of 2nd period - Shot Misses the Net.
3:00 of 2nd period - Backhand shot by Simon Benoit.
3:00 of 2nd period - Stopped by Sergei Bobrovsky with a rebound.
3:04 of 2nd period - Slapshot by Pius Suter.
3:04 of 2nd period - Stopped by Sergei Bobrovsky without a rebound.
3:05 of 2nd period - Colton Sissons wins face-off versus Nico Hischier in Washington Capitals zone.
3:16 of 2nd period - Snap shot by Colton Sissons.
3:16 of 2nd period - Stopped by Sergei Bobrovsky without a rebound.
3:17 of 2nd period - Colton Sissons wins face-off versus Nico Hischier in Washington Capitals zone.
3:18 of 2nd period - Wrist shot by Max Pacioretty.
3:18 of 2nd period - Shot Misses the Net.
4:00 of 2nd period - Snap shot by Max Pacioretty.
4:00 of 2nd period - Shot Misses the Net.
4:02 of 2nd period - Wrist shot by Max Pacioretty.
4:02 of 2nd period - Shot Misses the Net.
4:04 of 2nd period - Slapshot by Artem Zub.
4:04 of 2nd period - Deflect By Max Pacioretty.
4:04 of 2nd period - Shot Misses the Net.
4:04 of 2nd period - Puck is out of play.
4:05 of 2nd period - Thomas Novak wins face-off versus Nico Hischier in Washington Capitals zone.
4:39 of 2nd period - Backhand shot by Owen Tippett.
4:39 of 2nd period - Stopped by Semyon Varlamov with a rebound.
4:41 of 2nd period - Slapshot by John Carlson.
4:41 of 2nd period - Stopped by Semyon Varlamov with a rebound.
5:57 of 2nd period - Wrist shot by Owen Tippett.
5:57 of 2nd period - Stopped by Semyon Varlamov with a rebound.
7:12 of 2nd period - Slapshot by Leo Carlsson.
7:12 of 2nd period - Shot Misses the Net.
7:20 of 2nd period - Slapshot by John Carlson.
7:20 of 2nd period - Deflect By Leo Carlsson.
7:20 of 2nd period - Stopped by Semyon Varlamov with a rebound.
7:22 of 2nd period - Wrist shot by Jamie Oleksiak.
7:22 of 2nd period - Shot Misses the Net.
7:24 of 2nd period - Wrist shot by John Carlson.
7:24 of 2nd period - Stopped by Semyon Varlamov with a rebound.
7:48 of 2nd period - Wrist shot by Jack Drury.
7:48 of 2nd period - Shot Misses the Net.
7:50 of 2nd period - Slapshot by Simon Benoit.
7:50 of 2nd period - Stopped by Sergei Bobrovsky with a rebound.
8:09 of 2nd period - Wrist shot by Josh Doan.
8:09 of 2nd period - Shot Hit the Post.
8:25 of 2nd period - Snap shot by Jason Robertson.
8:25 of 2nd period - Deflect By Nico Hischier.
8:25 of 2nd period - Deflect By Leo Carlsson.
8:25 of 2nd period - Shot Misses the Net.
8:25 of 2nd period - Puck is out of play.
8:26 of 2nd period - Nico Hischier wins face-off versus Jack Drury in Nashville Predators zone.
9:03 of 2nd period - Snap shot by Zach Benson.
9:03 of 2nd period - Stopped by Sergei Bobrovsky without a rebound.
9:04 of 2nd period - Michael McLeod wins face-off versus Thomas Novak in Washington Capitals zone.
9:09 of 2nd period - Jordan Harris is hit by Vladimir Tarasenko and loses puck.
10:42 of 2nd period - Wrist shot by Michael Carcone.
10:42 of 2nd period - Goal by Michael Carcone - Nashville Predators : 1 - Washington Capitals : 1.
10:43 of 2nd period - Thomas Novak wins face-off versus Nico Hischier in neutral zone.
10:48 of 2nd period - Wrist shot by Thomas Novak.
10:48 of 2nd period - Stopped by Sergei Bobrovsky without a rebound.
10:49 of 2nd period - Thomas Novak wins face-off versus Nico Hischier in Washington Capitals zone.
10:52 of 2nd period - Slapshot by Josh Doan.
10:52 of 2nd period - Shot Blocked by Jamie Oleksiak.
11:00 of 2nd period - Icing by Thomas Novak.
11:01 of 2nd period - Thomas Novak wins face-off versus Nico Hischier in Nashville Predators zone.
11:10 of 2nd period - Backhand shot by Michael Carcone.
11:10 of 2nd period - Stopped by Sergei Bobrovsky with a rebound.
11:18 of 2nd period - Wrist shot by Thomas Novak.
11:18 of 2nd period - Shot Misses the Net.
11:20 of 2nd period - Snap shot by Thomas Novak.
11:20 of 2nd period - Stopped by Sergei Bobrovsky with a rebound.
11:22 of 2nd period - Wrist shot by Michael Carcone.
11:22 of 2nd period - Stopped by Sergei Bobrovsky with a rebound.
11:26 of 2nd period - Snap shot by Thomas Novak.
11:26 of 2nd period - Shot Misses the Net.
11:36 of 2nd period - Snap shot by Michael Carcone.
11:36 of 2nd period - Stopped by Sergei Bobrovsky without a rebound.
11:37 of 2nd period - Nick Foligno wins face-off versus Ryan Johansen in Washington Capitals zone.
12:05 of 2nd period - Snap shot by Jordan Kyrou.
12:05 of 2nd period - Shot Misses the Net.
12:07 of 2nd period - Snap shot by John Carlson.
12:07 of 2nd period - Shot Misses the Net.
12:09 of 2nd period - Snap shot by Brad Marchand.
12:09 of 2nd period - Shot Misses the Net.
12:13 of 2nd period - Wrist shot by Brad Marchand.
12:13 of 2nd period - Stopped by Semyon Varlamov with a rebound.
12:15 of 2nd period - Wrist shot by Jordan Kyrou.
12:15 of 2nd period - Stopped by Semyon Varlamov without a rebound.
12:16 of 2nd period - Nico Hischier wins face-off versus Jack Drury in Nashville Predators zone.
12:27 of 2nd period - Snap shot by Alex Ovechkin.
12:27 of 2nd period - Stopped by Semyon Varlamov with a rebound.
12:41 of 2nd period - Pius Suter is hit by Owen Tippett and loses puck.
13:04 of 2nd period - Wrist shot by Fabian Zetterlund.
13:04 of 2nd period - Stopped by Semyon Varlamov without a rebound.
13:05 of 2nd period - Jack Drury wins face-off versus Derek Ryan in Nashville Predators zone.
14:16 of 2nd period - Wrist shot by Owen Tippett.
14:16 of 2nd period - Shot Misses the Net.
14:18 of 2nd period - Slapshot by Derek Forbort.
14:18 of 2nd period - Shot Misses the Net.
14:57 of 2nd period - Snap shot by Colton Sissons.
14:57 of 2nd period - Shot Blocked by Nico Hischier.
14:59 of 2nd period - Slapshot by Dante Fabbro.
14:59 of 2nd period - Shot Misses the Net.
15:01 of 2nd period - Wrist shot by Colton Sissons.
15:01 of 2nd period - Stopped by Sergei Bobrovsky with a rebound.
15:03 of 2nd period - Slapshot by Dante Fabbro.
15:03 of 2nd period - Deflect By Colton Sissons.
15:03 of 2nd period - Shot Misses the Net.
15:03 of 2nd period - Puck is out of play.
15:04 of 2nd period - Ryan Johansen wins face-off versus Brad Marchand in Washington Capitals zone.
15:11 of 2nd period - Slapshot by Leo Carlsson.
15:11 of 2nd period - Stopped by Sergei Bobrovsky without a rebound.
15:12 of 2nd period - Ryan Johansen wins face-off versus Nick Foligno in Washington Capitals zone.
15:37 of 2nd period - Wrist shot by Ryan Johansen.
15:37 of 2nd period - Stopped by Sergei Bobrovsky with a rebound.
15:39 of 2nd period - Slapshot by Simon Benoit.
15:39 of 2nd period - Deflect By Brett Leason.
15:39 of 2nd period - Shot Blocked by John Carlson.
15:39 of 2nd period - Puck is out of play.
15:40 of 2nd period - Jack Drury wins face-off versus Nico Hischier in Washington Capitals zone.
16:07 of 2nd period - Thomas Harley is hit by Colton Sissons and loses puck.
16:54 of 2nd period - Snap shot by Michael Carcone.
16:54 of 2nd period - Shot Blocked by Brad Marchand.
17:00 of 2nd period - Snap shot by Brad Marchand.
17:00 of 2nd period - Shot Misses the Net.
17:14 of 2nd period - Jamie Oleksiak is hit by Jack Drury and loses puck.
17:26 of 2nd period - Off-side.
17:27 of 2nd period - Colton Sissons wins face-off versus Michael McLeod in neutral zone.
17:42 of 2nd period - Snap shot by John Carlson.
17:42 of 2nd period - Shot Misses the Net.
18:14 of 2nd period - Off-side.
18:15 of 2nd period - Nico Hischier wins face-off versus Zach Benson in neutral zone.
19:28 of 2nd period - Jamie Oleksiak is hit by Colton Sissons and loses puck.
19:43 of 2nd period - Slapshot by John Carlson.
19:43 of 2nd period - Shot Blocked by Dante Fabbro.
19:46 of 2nd period - Icing by Jordan Harris.
19:47 of 2nd period - Jack Drury wins face-off versus Nico Hischier in Nashville Predators zone.
Goals for this period are 1 for Nashville Predators vs 0 for Washington Capitals.
Shots for this period are 17 for Nashville Predators vs 10 for Washington Capitals.
3rd period
0:01 of 3rd period - Ryan Johansen wins face-off versus Alex Ovechkin in neutral zone.
0:37 of 3rd period - Slapshot by Brad Marchand.
0:37 of 3rd period - Deflect By Nick Foligno.
0:37 of 3rd period - Stopped by Semyon Varlamov with a rebound.
0:53 of 3rd period - Slapshot by Zach Benson.
0:53 of 3rd period - Deflect By Jack Drury.
0:53 of 3rd period - Shot Blocked by Ian Cole.
0:53 of 3rd period - Puck is out of play.
0:54 of 3rd period - Jack Drury wins face-off versus Nico Hischier in Washington Capitals zone.
0:55 of 3rd period - Slapshot by Zach Benson.
0:55 of 3rd period - Shot Misses the Net.
1:23 of 3rd period - Off-side.
1:24 of 3rd period - Ryan Johansen wins face-off versus Michael McLeod in neutral zone.
1:33 of 3rd period - Wrist shot by Leo Carlsson.
1:33 of 3rd period - Stopped by Sergei Bobrovsky with a rebound.
2:13 of 3rd period - Slapshot by Brad Marchand.
2:13 of 3rd period - Stopped by Semyon Varlamov without a rebound.
2:14 of 3rd period - Ryan Johansen wins face-off versus Nick Foligno in Nashville Predators zone.
3:40 of 3rd period - Minor Penalty to Thomas Harley for Hooking.
3:41 of 3rd period - Ryan Johansen wins face-off versus Brad Marchand in Washington Capitals zone.
4:37 of 3rd period - Wrist shot by Derek Ryan.
4:37 of 3rd period - Shot Misses the Net.
5:40 of 3rd period - Penalty to Thomas Harley is over, Thomas Harley is back on ice.
5:41 of 3rd period - Brad Marchand is hit by Mattias Samuelsson and loses puck.
5:52 of 3rd period - Slapshot by Brad Marchand.
5:52 of 3rd period - Shot Misses the Net.
5:54 of 3rd period - Slapshot by Jamie Oleksiak.
5:54 of 3rd period - Stopped by Semyon Varlamov without a rebound.
5:55 of 3rd period - Jack Drury wins face-off versus Nico Hischier in Nashville Predators zone.
5:55 of 3rd period - Jack Drury is hit by Nico Hischier.
7:08 of 3rd period - Wrist shot by Jason Robertson.
7:08 of 3rd period - Shot Blocked by Simon Benoit.
7:57 of 3rd period - Off-side.
7:58 of 3rd period - Nick Foligno wins face-off versus Ryan Johansen in neutral zone.
8:35 of 3rd period - Snap shot by Jack Drury.
8:35 of 3rd period - Stopped by Sergei Bobrovsky with a rebound.
8:54 of 3rd period - Minor Penalty to Mattias Samuelsson for Hooking.
8:55 of 3rd period - Ryan Johansen wins face-off versus Nick Foligno in Nashville Predators zone.
10:22 of 3rd period - Artem Zub is hit by Michael McLeod.
10:26 of 3rd period - Drake Batherson is hit by Ryan Johansen and loses puck.
10:50 of 3rd period - Icing by Ian Cole.
10:51 of 3rd period - Colton Sissons wins face-off versus Nick Foligno in Washington Capitals zone.
10:54 of 3rd period - Penalty to Mattias Samuelsson is over, Mattias Samuelsson is back on ice.
11:08 of 3rd period - Snap shot by Zach Benson.
11:08 of 3rd period - Goal by Zach Benson - Nashville Predators : 2 - Washington Capitals : 1.
11:09 of 3rd period - Nick Foligno wins face-off versus Thomas Novak in neutral zone.
11:12 of 3rd period - Snap shot by John Carlson.
11:12 of 3rd period - Stopped by Semyon Varlamov with a rebound.
11:14 of 3rd period - Snap shot by Brad Marchand.
11:14 of 3rd period - Shot Misses the Net.
11:24 of 3rd period - Snap shot by Brad Marchand.
11:24 of 3rd period - Shot Misses the Net.
11:26 of 3rd period - Snap shot by John Carlson.
11:26 of 3rd period - Shot Blocked by Michael Carcone.
11:32 of 3rd period - Minor Penalty to Mattias Samuelsson for Roughing.
11:33 of 3rd period - Ryan Johansen wins face-off versus Nico Hischier in Nashville Predators zone.
11:48 of 3rd period - Wrist shot by Jason Robertson.
11:48 of 3rd period - Shot Misses the Net.
11:50 of 3rd period - Slapshot by Thomas Harley.
11:50 of 3rd period - Shot Misses the Net.
12:18 of 3rd period - Slapshot by Dante Fabbro.
12:18 of 3rd period - Shot Misses the Net.
13:32 of 3rd period - Penalty to Mattias Samuelsson is over, Mattias Samuelsson is back on ice.
13:42 of 3rd period - Jesper Boqvist is hit by Drake Batherson and loses puck.
14:45 of 3rd period - Josh Doan is hit by Fabian Zetterlund and loses puck.
15:34 of 3rd period - Wrist shot by Zach Benson.
15:34 of 3rd period - Stopped by Sergei Bobrovsky with a rebound.
15:48 of 3rd period - Ian Cole is hit by Pius Suter.
15:56 of 3rd period - Leo Carlsson is hit by Vladimir Tarasenko and loses puck.
16:45 of 3rd period - Minor Penalty to Zach Benson for Tripping.
16:46 of 3rd period - Ryan Johansen wins face-off versus Nico Hischier in Nashville Predators zone.
16:46 of 3rd period - Ryan Johansen is hit by John Carlson.
17:12 of 3rd period - Artem Zub is hit by Owen Tippett and loses puck.
17:29 of 3rd period - John Carlson is hit by Ryan Johansen and loses puck.
18:45 of 3rd period - Penalty to Zach Benson is over, Zach Benson is back on ice.
18:49 of 3rd period - Off-side.
18:50 of 3rd period - Ken Hitchcock call a timeout for Washington Capitals.
18:50 of 3rd period - Leo Carlsson wins face-off versus Drake Batherson in neutral zone.
18:59 of 3rd period - Washington Capitals, Sergei Bobrovsky is pulled from the net.
18:59 of 3rd period - Snap shot by Drake Batherson.
18:59 of 3rd period - Stopped by Semyon Varlamov without a rebound.
19:00 of 3rd period - Leo Carlsson wins face-off versus Drake Batherson in Nashville Predators zone.
19:21 of 3rd period - Wrist shot by Drake Batherson.
19:21 of 3rd period - Deflect By Vladimir Tarasenko.
19:21 of 3rd period - Shot Blocked by Zach Benson.
19:21 of 3rd period - Puck is out of play.
19:22 of 3rd period - Drake Batherson wins face-off versus Leo Carlsson in Nashville Predators zone.
19:27 of 3rd period - Snap shot by Brad Marchand.
19:27 of 3rd period - Stopped by Semyon Varlamov with a rebound.
19:37 of 3rd period - Wrist shot by Drake Batherson.
19:37 of 3rd period - Shot Blocked by Mattias Samuelsson.
19:41 of 3rd period - Wrist shot by Drake Batherson.
19:41 of 3rd period - Shot Blocked by Zach Benson.
19:43 of 3rd period - Snap shot by Brad Marchand.
19:43 of 3rd period - Stopped by Semyon Varlamov without a rebound.
19:44 of 3rd period - Drake Batherson wins face-off versus Leo Carlsson in Nashville Predators zone.
19:51 of 3rd period - Snap shot by Vladimir Tarasenko.
19:51 of 3rd period - Shot Blocked by Henri Jokiharju.
19:53 of 3rd period - Snap shot by Brad Marchand.
19:53 of 3rd period - Shot Misses the Net.
19:55 of 3rd period - Snap shot by Vladimir Tarasenko.
19:55 of 3rd period - Shot Blocked by Leo Carlsson.
19:57 of 3rd period - Snap shot by Brad Marchand.
19:57 of 3rd period - Stopped by Semyon Varlamov with a rebound.
19:59 of 3rd period - Wrist shot by John Carlson.
19:59 of 3rd period - Stopped by Semyon Varlamov without a rebound.
Goals for this period are 1 for Nashville Predators vs 0 for Washington Capitals.
Shots for this period are 4 for Nashville Predators vs 9 for Washington Capitals.
Back to the Top